 Dungeon Crawl Stone Soup version 0.29.0 (webtiles) character file.

Game seed: 13564590448993038371

19 jagoly the Insei (level 2, 0/18 HPs)
             Began as an Octopode Transmuter on Sept 11, 2022.
             Slain by a goblin
             ... wielding a +0 club
             ... led by Robin
              (3 damage)
             ... on level 2 of the Dungeon.
             The game lasted 00:03:15 (941 turns).

jagoly the Insei (Octopode Transmuter)               Turns: 941, Time: 00:03:20

Health: 0/18       AC:  1    Str:  9    XL:     2   Next: 75%
Magic:  2/5        EV: 13    Int: 15    God:
Gold:   47         SH:  0    Dex: 12    Spells: 2/5 levels left

rFire   . . .      SeeInvis .     - Unarmed
rCold   . . .      Faith    .   (no shield)
rNeg    . . .      Spirit   .   (helmet currently unavailable)
rPois   .          Reflect  .   (no amulet)
rElec   .          Harm     .   (no ring)
rCorr   .          Rampage  .   (no ring)
Will    .....                   (no ring)
Stlth   +++.......              (no ring)
HPRegen 0.06/turn               (no ring)
MPRegen 0.09/turn               (no ring)
                                (no ring)
                                (no ring)

@: appendages, wereblooded
A: tentacle spike 3, almost no armour, amphibious, 8 rings, camouflage 1,
gelatinous body 1, (nimble swimmer 1), tentacles
a: End Transformation


You were on level 2 of the Dungeon.
One of your tentacles had grown a beastly spike.
You visited 1 branch of the dungeon, and saw 2 of its levels.

You collected 47 gold pieces.

Inventory:

Missiles
 f - 16 stones
Scrolls
 b - 2 scrolls of poison {unknown}
 c - a scroll of enchant weapon {unknown}
 d - a scroll of amnesia {unknown}
 e - a scroll of fear {unknown}
Potions
 a - a potion of lignification


   Skills:
 + Level 1.2 Fighting
 + Level 2.1 Dodging
 + Level 1.0 Stealth
 + Level 3.1 Unarmed Combat
 + Level 2.1 Spellcasting
 + Level 2.1 Transmutations
 * Level 1.3 Poison Magic


You had 2 spell levels left.
You knew the following spells:

 Your Spells              Type           Power      Damage    Failure   Level
A - Beastly Appendage     Tmut           16%        N/A       9%          1
W - Wereblood             Tmut           8%         N/A       14%         2

Your spell library contained the following spells:

 Spells                   Type           Power      Damage    Failure   Level
 Spider Form              Tmut/Pois      6%         N/A       32%         3
 Ice Form                 Ice/Tmut       4%         N/A       80%         4


Dungeon Overview and Level Annotations

Branches:
Dungeon (2/15) Zot: 11058

Altars:

Annotations:
D:2 Robin


Innate Abilities, Weirdness & Mutations

One of your tentacles has grown a beastly spike.
You cannot wear most types of armour.
You are amphibious.
You can wear up to eight rings at the same time.
Your skin changes colour to match your surroundings (Stealth+).
Your rubbery body absorbs attacks. (AC +1, EV +1)
((You are camouflaged when in or above water. (Stealth+)))
You have tentacles for arms and can constrict up to eight enemies at once.


Message History

The goblin closely misses you. x2
Unknown command.
You tentacle-slap the goblin.
You feel a bit better.
You kill the goblin!
The hobgoblin misses you.
You tentacle-slap the goblin.
You feel a bit better.
You kill the goblin!
The hobgoblin misses you. The goblin barely misses you.
Your Stealth skill increases to level 1!
You barely miss the goblin. Your grab misses the goblin.
Your squeeze misses the goblin. The hobgoblin misses you.
The goblin hits you with a +0 dagger.
* * * LOW HITPOINT WARNING * * *
You tentacle-slap the goblin. Your grab misses the goblin.
Your tentacle spike misses the goblin.
You squeeze the goblin.
You feel a bit better.
You kill the goblin!
The hobgoblin barely misses you.
You tentacle-slap the hobgoblin. Your grab misses the hobgoblin.
The hobgoblin is heavily wounded.
The hobgoblin hits you but does no damage.
You tentacle-slap the hobgoblin.
You feel a bit better.
You kill the hobgoblin!
Your tentacle spike disappears.
Cast which spell? (? or * to list) One of your tentacles grows a vicious spike.
You howl as the wereblood boils in your veins!
You climb downwards.
Level annotation: Robin The hobgoblin hits you.
The hobgoblin hits you but does no damage.
The hobgoblin barely misses you. The endoplasm freezes you.
You are frozen.
* * * LOW HITPOINT WARNING * * *
The goblin hits you with a +0 club.
* * * LOW HITPOINT WARNING * * *
The goblin barely misses you. The goblin closely misses you.
The goblin hits you with a +0 club.
You die...

....<.# ...b..#
#####.###. ......#
#......... (.....#
.........# .......
#........# .......#
#........# ........
.........#
...............ggg##
......g@g.#
.......gJ.#
....:..g..#
..........#
.....$.....
.........##.
.........# ..
##........ .#


You could see Robin, an endoplasm, 3 hobgoblins and 3 goblins.

Vanquished Creatures
  An endoplasm (D:1)
  3 giant cockroaches
  5 goblins (D:1)
  2 hobgoblins (D:1)
  A kobold (D:1)
  A quokka (D:1)
  2 frilled lizards (D:1)
15 creatures vanquished.

Vanquished Creatures (others)
  4 toadstools (D:1)
4 creatures vanquished.

Grand Total: 19 creatures vanquished

Notes
Turn   | Place    | Note
-------+----------+-------------------------------------------
     0 | D:1      | jagoly the Octopode Transmuter began the quest for the Orb.
     0 | D:1      | Reached XP level 1. HP: 13/13 MP: 3/3
   547 | D:1      | Reached XP level 2. HP: 16/18 MP: 1/5
   550 | D:1      | Learned a level 2 spell: Wereblood
   762 | D:1      | Reached skill level 1 in Poison Magic
   926 | D:2      | Noticed Robin
   935 | D:1      | Reached skill level 1 in Stealth
   941 | D:2      | Slain by a goblin

Illustrated notes

Levels and vault maps discovered:
D:1:      ldierk_water_garden, layout_basic
D:2:      layout_rooms, kennysheep_generic_room_5, uniq_natasha, uniq_jessica,
          uniq_robin

Skill      XL: |  1  2 |
---------------+-------+-----
Poison Magic   | 1 |  1.3
Stealth        | 1 |  1.0
Fighting       | |  1.2
Dodging        | |  2.1
Unarmed Combat | |  3.1
Spellcasting   | |  2.1
Transmutations | |  2.1

Action                   || total
-------------------------++-------
Melee: Unarmed           ||    32
       Kick              ||     8
       Tentacles         ||     4
       Constrict         ||     6
 Cast: Beastly Appendage ||     8
       Wereblood         ||     1
 Stab: Sleeping          ||     3
Armor: Skin              ||     6
Dodge: Dodged            ||    35
